 Dungeon Crawl Stone Soup version 0.23.0 (webtiles) character file.

Game seed: 2018082298156737759

2 grindst0ne the Covered (level 1, 0/17 HPs)
             Began as a Gnoll Wanderer on Feb 9, 2019.
             Slain by a hobgoblin
             ... wielding a cursed -2 club
              (3 damage)
             ... on level 1 of the Dungeon.
             The game lasted 00:00:46 (315 turns).

grindst0ne the Covered (Gnoll Wanderer)              Turns: 315, Time: 00:00:47

Health: 0/17       AC:  2    Str: 15    XL:     1   Next: 40%
Magic:  2/4        EV: 11    Int: 13    God:
Gold:   16         SH:  0    Dex: 14    Spells: 4/5 levels left

rFire    . . .     SeeInvis .   h - +0 short sword
rCold    . . .     Gourm    .   (no shield)
rNeg     . . .     Faith    .   e - +0 robe
rPois    .         Spirit   .   (no helmet)
rElec    .         Reflect  .   (no cloak)
rCorr    .         Harm     .   (no gloves)
MR       .....                  (no boots)
Stlth    ++........             (no amulet)
HPRegen  0.05/turn              (no ring)
MPRegen  0.09/turn              (no ring)

@: no status effects
A: distributed training, fangs 1, strong nose
a: no special abilities


You were on level 1 of the Dungeon.
You were not hungry.

You visited 1 branch of the dungeon, and saw 1 of its levels.

You collected 16 gold pieces.

Inventory:

Hand Weapons
 b - a +0 shortbow
 g - a +0 club
 h - a +0 short sword (weapon)
Missiles
 c - 28 arrows
Armour
 e - a +0 robe (worn)
Potions
 a - a potion of heal wounds {unknown}
 d - a potion of flight {unknown}
Comestibles
 f - a ration


   Skills:
 + Level 2.3 Fighting
 + Level 0.0 Short Blades
 + Level 0.0 Long Blades
 + Level 0.0 Axes
 + Level 4.4 Maces & Flails
 + Level 0.0 Polearms
 + Level 0.0 Staves
 + Level 0.0 Slings
 + Level 0.0 Bows
 + Level 0.0 Crossbows
 + Level 2.3 Throwing
 + Level 4.4 Armour
 + Level 0.0 Dodging
 + Level 2.1 Stealth
 + Level 0.0 Shields
 + Level 0.0 Unarmed Combat
 + Level 2.6 Spellcasting
 + Level 3.6 Conjurations
 + Level 0.0 Hexes
 + Level 0.0 Charms
 + Level 0.0 Summonings
 + Level 0.0 Necromancy
 + Level 0.0 Translocations
 + Level 0.0 Transmutations
 + Level 0.0 Fire Magic
 + Level 0.0 Ice Magic
 + Level 0.0 Air Magic
 + Level 0.0 Earth Magic
 + Level 0.0 Poison Magic
 + Level 0.1 Invocations
 + Level 0.0 Evocations


You had 4 spell levels left.
You knew the following spells:

 Your Spells              Type           Power        Failure   Level  Hunger
a - Magic Dart            Conj           ##..         5%          1    #......

Your spell library contained the following spells:

 Spells                   Type           Power        Failure   Level  Hunger
 Shock                    Conj/Air       #...         11%         1    #......
 Conjure Flame            Conj/Fire      #.......     32%         3    ###....
 Stone Arrow              Conj/Erth      #.....       32%         3    ###....
 Blink                    Tloc           N/A          34%         2    ###....
 Call Imp                 Summ           #.......     34%         2    ###....
 Slow                     Hex            #.......     34%         2    ###....
 Mephitic Cloud           Conj/Pois/Air  #.......     41%         3    ###....


Dungeon Overview and Level Annotations

Branches:
Dungeon (1/15)

Altars:


Innate Abilities, Weirdness & Mutations

Your experience applies equally to all skills.
You have very sharp teeth.
Your uncanny sense of smell can sniff out nearby items.


Message History

The hobgoblin is lightly wounded.
The hobgoblin hits you with a cursed -2 club.
Casting: Magic Dart (safe; 5% risk of failure)
Confirm with . or Enter, or press ? or * to list all spells.
Aiming: Magic Dart (safe; 5% risk of failure)
Press: ? - help, Shift-Dir - straight line, f/p - hobgoblin
Aim: a hobgoblin, wielding a -2 club (lightly wounded)
The magic dart hits the hobgoblin but does no damage.
The hobgoblin is lightly wounded.
The hobgoblin hits you with a cursed -2 club.
* * * LOW HITPOINT WARNING * * *
Casting: Magic Dart (safe; 5% risk of failure)
Confirm with . or Enter, or press ? or * to list all spells.
Aiming: Magic Dart (safe; 5% risk of failure)
Press: ? - help, Shift-Dir - straight line, f/p - hobgoblin
Aim: a hobgoblin, wielding a -2 club (lightly wounded)
The magic dart hits the hobgoblin.
The hobgoblin is severely wounded.
The hobgoblin hits you with a cursed -2 club.
You die...

# #####
....# ###.#
###.# ###
....# ..#
##..# #.#
#..#
#.#####
#..##
#.#..@#
#...#
#..###g#
###..#
##.## #.#
.^...# #.##
#.# ####.#
###.# .#
#.# #...# .
####.##
#.##.# #
#.....# #.#
#.#
..#.#.###.#
#..


You could see a hobgoblin.

Vanquished Creatures
  A hobgoblin (D:1)
  A kobold (D:1)
2 creatures vanquished.

Notes
Turn   | Place    | Note
-------+----------+-------------------------------------------
     0 | D:1      | grindst0ne the Gnoll Wanderer began the quest for the Orb.
     0 | D:1      | grindst0ne set off with the following items: a +0 shortbow,
                  | 28 arrows, a +0 robe, a ration; and the following spells
                  | available to memorise: Magic Dart, Shock, Conjure Flame,
                  | Stone Arrow, Blink, Call Imp, Slow, Mephitic Cloud
     0 | D:1      | Reached XP level 1. HP: 17/17 MP: 4/4
     2 | D:1      | Learned a level 1 spell: Magic Dart
   315 | D:1      | Slain by a hobgoblin

Action                   || total
-------------------------++-------
Melee: Short sword       ||     9
       Club              ||     5
       Bite              ||     2
 Cast: Magic Dart        ||     8
Armor: Robe              ||     2
Dodge: Dodged            ||     4
